[Event "Titled Tuesday Blitz April 12 Late 2022"]
[White "Naroditsky, Daniel"]
[Black "Dimakiling, Oliver"]
[WhiteFideId "2026961"]
[BlackFideId "5202248"]
[WhiteElo "2608"]
[BlackElo "2426"]
[Result "1-0"]
[Round "02"]
[TimeControl "180+1"]
[Date "2022.04.12"]
[WhiteClock "0:01:53"]
[BlackClock "0:00:40"]

1. d4 Nf6 2. Nc3 c5 3. d5 d6 4. e4 g6 5. h3 Bg7 6. Bb5+ Nbd7 7. Nf3 a6 8. Bd3 O-O 9. a4 b6 10. O-O Re8 11. Bf4 Qc7 12. Bh2 Bb7 13. Re1 c4 14. Bf1 Rad8 15. Qe2 Rc8 16. Rad1 b5 17. axb5 axb5 18. Nxb5 Qb6 19. Nbd4 Nc5 20. e5 dxe5 21. Nxe5 Bxd5 22. Nxc4 Bxc4 23. Qxc4 Qxb2 24. Rb1 Qa3 25. Ra1 Qb2 26. Reb1 Qxa1 27. Rxa1 Ne6 28. Nc6 1-0


[Site "https://www.chess.com"]

[Event "Titled Tuesday Blitz April 12 Late 2022"]
[White "Nazaretyan, Tigran"]
[Black "Indjic, Aleksandar"]
[WhiteFideId "24162345"]
[BlackFideId "911925"]
[WhiteElo "2225"]
[BlackElo "2616"]
[Result "0-1"]
[Round "02"]
[TimeControl "180+1"]
[Date "2022.04.12"]
[WhiteClock "0:00:06"]
[BlackClock "0:01:43"]

1. d4 Nf6 2. c4 c5 3. d5 e6 4. Nc3 exd5 5. cxd5 d6 6. e4 g6 7. Bd3 Bg7 8. h3 a6 9. a4 Nbd7 10. Nf3 Nh5 11. O-O Ne5 12. Be2 Nxf3+ 13. Bxf3 Qh4 14. Bxh5 gxh5 15. Qf3 Be5 16. Qe3 Rg8 17. Kh1 Bd7 18. Ne2 O-O-O 19. f4 Bd4 20. Nxd4 cxd4 21. Qxd4 Bxh3 22. Qc3+ Kb8 23. Qxh3 Qe7 24. Qf3 Rg4 25. Be3 Rdg8 26. Rf2 f5 27. e5 Rg3 28. Qe2 Qh4+ 29. Kg1 Rh3 30. Ba7+ Ka8 31. Qxa6 Rh1# 0-1


[Site "https://www.chess.com"]

[Event "Titled Tuesday Blitz April 12 Late 2022"]
[White "Noboa Silva, Kevin"]
[Black "Horcajuelo Rocamora, Martin"]
[WhiteFideId "3618471"]
[BlackFideId "24573027"]
[WhiteElo "2172"]
[BlackElo "1822"]
[Result "1-0"]
[Round "02"]
[TimeControl "180+1"]
[Date "2022.04.13"]
[WhiteClock "0:00:53"]
[BlackClock "0:00:02"]

1. e4 e5 2. Nf3 Nc6 3. d4 exd4 4. Nxd4 Nf6 5. Nxc6 bxc6 6. e5 Nd5 7. c4 Nb6 8. Bd3 Bc5 9. Qc2 Qe7 10. O-O Bb7 11. a3 a5 12. Bd2 Bd4 13. Bc3 Bxc3 14. Nxc3 h6 15. Rfe1 O-O 16. Re3 Rfe8 17. Rae1 Qc5 18. Qe2 Ba6 19. Qg4 Bxc4 20. Rg3 g5 21. Bxc4 Qxc4 22. Ne4 Rxe5 23. h4 f5 24. Qh5 Qe6 25. hxg5 Rxe4 26. gxh6+ Kf8 27. Rxe4 Qxe4 28. h7 Ke7 29. Qh6 Qe1+ 30. Kh2 Re8 31. Rg7+ Kd8 32. h8=Q Qe5+ 33. g3 Qe2 34. Qxe8+ Qxe8 35. Qh7 Nd5 36. Rg8 1-0


[Site "https://www.chess.com"]

[Event "Titled Tuesday Blitz April 12 Late 2022"]
[White "Novikova, Galina"]
[Black "Xu, Yi"]
[WhiteFideId "4157095"]
[BlackFideId "8605564"]
[WhiteElo "1863"]
[BlackElo "2471"]
[Result "0-1"]
[Round "02"]
[TimeControl "180+1"]
[Date "2022.04.13"]
[WhiteClock "0:00:20"]
[BlackClock "0:01:30"]

1. e4 c5 2. Nf3 d6 3. d4 cxd4 4. Nxd4 Nf6 5. Nc3 a6 6. h3 e5 7. Nde2 h5 8. g3 b5 9. Bg2 Bb7 10. O-O Be7 11. a4 b4 12. Nd5 Nxd5 13. exd5 a5 14. f4 Nd7 15. fxe5 Nxe5 16. Nd4 Bf6 17. Kh1 Rc8 18. Bf4 O-O 19. Qxh5 Rc5 20. Bxe5 Bxe5 21. Be4 g6 22. Bxg6 Bxd5+ 23. Kh2 fxg6 24. Qxg6+ Bg7 25. Nf5 Rxc2+ 26. Kg1 Rg2+ 27. Kh1 Rxg3+ 0-1


[Site "https://www.chess.com"]

[Event "Titled Tuesday Blitz April 12 Late 2022"]
[White "O`Gorman, Tom"]
[Black "Abarca Gonzalez, Nicolas"]
[WhiteFideId "2508249"]
[BlackFideId "3409422"]
[WhiteElo "2516"]
[BlackElo "2777"]
[Result "1-0"]
[Round "02"]
[TimeControl "180+1"]
[Date "2022.04.13"]
[WhiteClock "0:01:11"]
[BlackClock "0:00:45"]

1. e4 c5 2. Nf3 d6 3. d4 cxd4 4. Nxd4 Nf6 5. Nc3 g6 6. Be3 Bg7 7. f3 O-O 8. Bc4 Nc6 9. Qd2 Ne5 10. Bb3 Bd7 11. O-O-O Qa5 12. Kb1 Rfc8 13. g4 Nc4 14. Bxc4 Rxc4 15. h4 Rac8 16. Nb3 Qc7 17. Bd4 Be6 18. h5 a5 19. hxg6 fxg6 20. g5 Nh5 21. Bxg7 Kxg7 22. Nd4 Bf7 23. Nd5 Qd8 24. Nf4 Nxf4 25. Qxf4 e5 26. Rxh7+ Kxh7 27. Qxf7+ Kh8 28. Rh1# 1-0


[Site "https://www.chess.com"]

[Event "Titled Tuesday Blitz April 12 Late 2022"]
[White "Ozates, Tuna"]
[Black "Stanisz, Patryk"]
[WhiteFideId "6354521"]
[BlackFideId "1123106"]
[WhiteElo "1887"]
[BlackElo "1833"]
[Result "1-0"]
[Round "02"]
[TimeControl "180+1"]
[Date "2022.04.13"]
[WhiteClock "0:00:52"]
[BlackClock "0:00:01"]

1. Nf3 d5 2. c4 c6 3. e3 e6 4. Qc2 Nf6 5. b3 Be7 6. Bb2 O-O 7. Be2 b6 8. g4 Bb7 9. g5 Ne4 10. Rg1 Nd7 11. h4 c5 12. h5 Rc8 13. g6 fxg6 14. hxg6 h6 15. Nc3 Nxc3 16. Bxc3 d4 17. exd4 Bxf3 18. Bxf3 Rxf3 19. Qe4 Qf8 20. Qxe6+ Kh8 21. Qxd7 Rd8 22. Qxa7 cxd4 23. Bb2 d3 24. O-O-O Bf6 25. Qxb6 Bxb2+ 26. Kxb2 Rf6 27. Qe3 Ra6 28. Ra1 Qf6+ 29. Kb1 Re6 30. Qg3 Rde8 31. f4 Re2 32. Rd1 Qd4 33. a4 R8e3 34. Qxe3 Rxe3 35. dxe3 Qc3 36. Ka2 Qc2+ 37. Ka3 d2 38. a5 h5 39. Kb4 Qxg6 40. a6 Qd6+ 41. c5 Qc6 42. a7 Qb7+ 43. Kc3 Qxa7 44. Rxa7 1-0


[Site "https://www.chess.com"]

[Event "Titled Tuesday Blitz April 12 Late 2022"]
[White "Ozdemir, Serhan Berat"]
[Black "Curtis, John"]
[WhiteFideId "6374611"]
[BlackFideId "3200256"]
[WhiteElo "1920"]
[BlackElo "2203"]
[Result "1-0"]
[Round "02"]
[TimeControl "180+1"]
[Date "2022.04.13"]
[WhiteClock "0:00:24"]
[BlackClock "0:00:18"]

1. e4 c5 2. Nf3 d6 3. d4 cxd4 4. Nxd4 Nf6 5. Nc3 e6 6. f3 a6 7. Be3 b5 8. Qd2 Bb7 9. O-O-O Nbd7 10. g4 h6 11. h4 b4 12. Nce2 d5 13. Nf4 dxe4 14. Bc4 e5 15. Nf5 exf4 16. Bxf4 Nb6 17. Qe2 Qc8 18. Bb3 Nbd5 19. Bd6 g6 20. Bxf8 Kxf8 21. fxe4 Nf4 22. Qd2 gxf5 23. Qxf4 Bxe4 24. Qd6+ Kg7 25. g5 Ng4 26. Rhg1 Rd8 27. gxh6+ Kh8 28. Qe7 Rxd1+ 29. Rxd1 Qf8 30. Qg5 Qxh6 31. Bxf7 Qxg5+ 32. hxg5 Kg7 33. Be6 Re8 34. Rd7+ Kg6 35. Bf7+ Kxg5 36. Bxe8 f4 37. Rg7+ Kf6 38. Rxg4 Kf5 39. Bd7+ Ke5 40. Kd2 Bf3 41. Rg5+ Kd6 42. Bg4 Be4 43. c3 b3 44. axb3 Bd5 45. b4 f3 46. Rxd5+ Kxd5 47. Bxf3+ Kd6 48. Kd3 Kc7 49. Kc4 Kb6 50. b5 axb5+ 51. Kb4 Ka6 52. Be2 Kb6 53. Bxb5 Kc7 54. c4 Kd6 55. c5+ Ke5 56. Bc4 Kd4 57. Kb5 Ke3 58. c6 Kd2 59. c7 Kc1 60. c8=Q Kb1 61. b4 Kb2 62. Qh8+ Kb1 63. Bd3+ Kc1 64. Qc3+ Kd1 65. Qc2+ Ke1 66. Qe2# 1-0


[Site "https://www.chess.com"]

[Event "Titled Tuesday Blitz April 12 Late 2022"]
[White "Pakleza, Zbigniew"]
[Black "Hnydiuk, Aleksander"]
[WhiteFideId "1119290"]
[BlackFideId "1109057"]
[WhiteElo "2467"]
[BlackElo "2374"]
[Result "1/2-1/2"]
[Round "02"]
[TimeControl "180+1"]
[Date "2022.04.12"]
[WhiteClock "0:00:05"]
[BlackClock "0:00:05"]

1. d4 Nf6 2. Nf3 e6 3. c4 d5 4. Nc3 c5 5. e3 cxd4 6. Nxd4 Nc6 7. cxd5 Nxd5 8. Nxc6 bxc6 9. Qa4 Bd7 10. Bd2 Be7 11. Be2 O-O 12. O-O Rb8 13. Rab1 Rb7 14. Rfd1 Qb8 15. b3 Nb4 16. Be1 Rd8 17. Rbc1 c5 18. Qa5 Nc6 19. Qa6 Nb4 20. Qc4 Bc6 21. Qg4 Rbd7 22. Rxd7 Rxd7 23. h3 Qb7 24. Qg3 h6 25. h4 a5 26. Bc4 Nd5 27. Ne2 a4 28. Nf4 Nxf4 29. exf4 axb3 30. axb3 Bf6 31. h5 Bd4 32. Bc3 Qc7 33. Bxd4 Rxd4 34. Ra1 Qxf4 35. Qxf4 Rxf4 36. Ra5 Rf5 37. Ra6 Bd5 38. Bb5 g5 39. Ba4 Rf4 40. Ra5 Rb4 41. Rxc5 Bxb3 42. Rc8+ Kg7 43. Be8 Rd4 44. Rc7 Rf4 45. g3 Rf6 46. Rb7 Bd5 47. Rc7 Rf5 48. Bb5 Re5 49. f3 Re1+ 50. Kf2 Rb1 51. Be2 Rb2 52. Ke3 Rb3+ 53. Kf2 Rb2 54. Ke3 Rb3+ 55. Kf2 Rb2 1/2-1/2


[Site "https://www.chess.com"]

[Event "Titled Tuesday Blitz April 12 Late 2022"]
[White "Papasimakopoulos, Alexandros"]
[Black "Sernecki, Franciszek"]
[WhiteFideId "4244125"]
[BlackFideId "1169297"]
[WhiteElo "2744"]
[BlackElo "2375"]
[Result "1-0"]
[Round "02"]
[TimeControl "180+1"]
[Date "2022.04.13"]
[WhiteClock "0:00:31"]
[BlackClock "0:00:02"]

1. d4 Nf6 2. c4 e6 3. Nc3 Bb4 4. Qc2 Nc6 5. e3 e5 6. d5 Ne7 7. Bd2 O-O 8. Bd3 d6 9. Nge2 a5 10. h3 c6 11. dxc6 bxc6 12. a3 Bc5 13. O-O d5 14. cxd5 cxd5 15. Nb5 Bb6 16. Ng3 Bb7 17. Rfd1 Rc8 18. Qb3 d4 19. exd4 exd4 20. Bg5 Ned5 21. Bf5 h6 22. Bxc8 Bxc8 23. Bd2 Be6 24. Qf3 Qd7 25. a4 Rd8 26. Rac1 Nb4 27. Bxb4 axb4 28. Ne4 Nxe4 29. Qxe4 d3 30. Rd2 Bb3 31. Qxb4 Bc2 32. Na3 Qf5 33. Qxb6 1-0


[Site "https://www.chess.com"]

[Event "Titled Tuesday Blitz April 12 Late 2022"]
[White "Papp, Levente"]
[Black "Kobalia, Mikhail"]
[WhiteFideId "751243"]
[BlackFideId "4119150"]
[WhiteElo "2308"]
[BlackElo "2667"]
[Result "1/2-1/2"]
[Round "02"]
[TimeControl "180+1"]
[Date "2022.04.12"]
[WhiteClock "0:00:14"]
[BlackClock "0:01:02"]

1. c4 Nf6 2. g3 g6 3. Bg2 Bg7 4. Nc3 O-O 5. e4 d6 6. Nge2 c5 7. O-O Nc6 8. d3 Bg4 9. f3 Be6 10. Be3 Nd7 11. Qd2 Nd4 12. Bh6 Qb6 13. Bxg7 Kxg7 14. Rab1 a6 15. Nxd4 cxd4 16. Ne2 Qa7 17. b4 b5 18. cxb5 axb5 19. Qb2 Ne5 20. Rfd1 Qxa2 21. Nxd4 Bd7 22. f4 Qxb2 23. Rxb2 Ng4 24. e5 Ra6 25. h3 dxe5 26. Nb3 Ne3 27. Re1 Nxg2 28. Rxg2 exf4 29. Nc5 Rd6 30. Rxe7 Bxh3 31. Rh2 Bf5 32. gxf4 Rd4 33. Rd2 Rxb4 34. d4 Rd8 35. d5 Rxf4 36. Nb7 Rd7 37. Rxd7 Bxd7 38. Nc5 Bf5 39. d6 Rc4 40. d7 Bxd7 41. Nxd7 b4 42. Ne5 Re4 43. Nf3 b3 44. Rb2 Rb4 45. Nd2 h5 46. Rxb3 Rd4 47. Nf3 Ra4 48. Kf2 Ra5 49. Re3 f6 50. Re7+ Kh6 51. Rf7 Rf5 52. Kg3 g5 53. Rf8 Rf4 54. Rh8+ Kg6 55. Rg8+ Kh7 56. Nxg5+ Kxg8 57. Kxf4 fxg5+ 58. Kxg5 h4 59. Kxh4 1/2-1/2


[Site "https://www.chess.com"]

[Event "Titled Tuesday Blitz April 12 Late 2022"]
[White "Paravyan, David"]
[Black "Khabinets, Ivan"]
[WhiteFideId "4194985"]
[BlackFideId "14115980"]
[WhiteElo "2924"]
[BlackElo "2546"]
[Result "1-0"]
[Round "02"]
[TimeControl "180+1"]
[Date "2022.04.13"]
[WhiteClock "0:02:13"]
[BlackClock "0:01:23"]

1. e4 e6 2. d4 d5 3. Nc3 Nf6 4. Bg5 dxe4 5. Nxe4 Be7 6. Nxf6+ Bxf6 7. Bxf6 Qxf6 8. Nf3 O-O 9. Qd3 b6 10. Qe4 c6 11. Bd3 g6 12. h4 h5 13. O-O-O Bb7 14. Ne5 Rd8 15. g4 hxg4 16. Nxg4 Qxd4 17. Qf3 Nd7 18. Nh6+ Kg7 19. Qxf7+ Kh8 20. Qxg6 1-0


[Site "https://www.chess.com"]

[Event "Titled Tuesday Blitz April 12 Late 2022"]
[White "Petrovic, Aleksa"]
[Black "Hartikainen, Jarmo"]
[WhiteFideId "967629"]
[BlackFideId "503134"]
[WhiteElo "2198"]
[BlackElo "2127"]
[Result "1-0"]
[Round "02"]
[TimeControl "180+1"]
[Date "2022.04.13"]
[WhiteClock "0:00:15"]
[BlackClock "0:00:41"]

1. d4 Nf6 2. c4 g6 3. Nc3 d5 4. e3 Bg7 5. Qb3 c6 6. Bd2 O-O 7. Rc1 dxc4 8. Bxc4 b5 9. Be2 a6 10. Bf3 Bb7 11. Na4 Nbd7 12. Nc5 Nxc5 13. Rxc5 Rc8 14. Qc2 Nd7 15. Rc3 e5 16. Ne2 Re8 17. O-O exd4 18. exd4 Nb6 19. b3 Nd5 20. Bxd5 cxd5 21. Rxc8 Bxc8 22. Be3 Bf5 23. Qc6 Qd7 24. Rc1 Re6 25. Qxd7 Rxe3 26. Qd8+ Bf8 27. fxe3 Kg7 28. Nf4 Be4 29. Nxd5 Bxd5 30. Qxd5 h5 31. Rc7 1-0


[Site "https://www.chess.com"]

[Event "Titled Tuesday Blitz April 12 Late 2022"]
[White "Petrovskyi, Vadym"]
[Black "Artemiev, Vladislav"]
[WhiteFideId "14165210"]
[BlackFideId "24101605"]
[WhiteElo "2400"]
[BlackElo "2811"]
[Result "1-0"]
[Round "02"]
[TimeControl "180+1"]
[Date "2022.04.12"]
[WhiteClock "0:00:22"]
[BlackClock "0:00:04"]

1. e4 e5 2. Nf3 Nc6 3. d4 exd4 4. Bc4 Nf6 5. e5 Ng4 6. O-O Be7 7. Re1 d6 8. exd6 cxd6 9. Nxd4 O-O 10. Nc3 Bh4 11. g3 Bf6 12. Ndb5 Nxf2 13. Kxf2 a6 14. Qxd6 axb5 15. Nxb5 Be6 16. Qxd8 Raxd8 17. Bxe6 fxe6 18. Kg2 Nb4 19. Na3 Rd5 20. Re4 Nc6 21. c3 Ne5 22. Be3 Nd3 23. Rb1 Ra8 24. Rxe6 h5 25. Rb6 Bxc3 26. Nc4 Rxa2 27. Rxb7 Bd4 28. Kf3 Nc5 29. Rb5 Rf5+ 30. Kg2 Bxe3 31. Nxe3 Re5 32. Nc4 Rf5 33. Kh3 g6 34. Nd6 Re5 35. b4 Nd3 36. Rxe5 Nxe5 37. b5 Nf3 38. Rh1 Ng5+ 39. Kh4 Nf3+ 40. Kh3 g5 41. g4 h4 42. b6 Rb2 43. b7 Rb3 44. Kg2 Ne5 45. Rc1 h3+ 46. Kf1 Kg7 47. Rc8 Rb1+ 48. Ke2 Rb2+ 49. Kd1 Nxg4 50. b8=Q Rxb8 51. Rxb8 Nxh2 52. Ne4 g4 53. Ke2 Kg6 54. Kf2 Kf5 55. Ng3+ Kg5 56. Rb5+ 1-0


[Site "https://www.chess.com"]

[Event "Titled Tuesday Blitz April 12 Late 2022"]
[White "Phillips, Rene"]
[Black "Tregubov, Pavel V."]
[WhiteFideId "2056275"]
[BlackFideId "4115341"]
[WhiteElo "2137"]
[BlackElo "2600"]
[Result "0-1"]
[Round "02"]
[TimeControl "180+1"]
[Date "2022.04.13"]
[WhiteClock "0:00:28"]
[BlackClock "0:00:29"]

1. d4 Nf6 2. Bf4 d5 3. e3 c5 4. c3 Nc6 5. Nd2 cxd4 6. exd4 Bf5 7. Qb3 Qc8 8. Ngf3 e6 9. Bb5 Be7 10. Ne5 O-O 11. Nxc6 bxc6 12. Be2 c5 13. Qa4 a6 14. O-O Qd7 15. Qxd7 Nxd7 16. dxc5 Nxc5 17. Nb3 Na4 18. Bc1 a5 19. Rd1 Rfc8 20. Nd4 Bg6 21. Bd3 Rab8 22. Bxg6 hxg6 23. Nb3 Nxb2 24. Bxb2 a4 25. Bc1 axb3 26. axb3 Rxc3 27. Ra7 Bc5 28. Rd7 Rc2 29. Be3 Bxe3 30. fxe3 Rxb3 31. Rf1 f6 32. Ra1 Rbb2 33. g3 Rg2+ 34. Kf1 Rxh2 35. Kg1 Kh7 36. Ra4 Kh6 37. Rh4+ Rxh4 38. gxh4 Re2 0-1


[Site "https://www.chess.com"]

[Event "Titled Tuesday Blitz April 12 Late 2022"]
[White "Pinheiro, Iung Alicio de O."]
[Black "Fernandez Siles, Luis"]
[WhiteFideId "2104350"]
[BlackFideId "2209420"]
[WhiteElo "2543"]
[BlackElo "2212"]
[Result "1/2-1/2"]
[Round "02"]
[TimeControl "180+1"]
[Date "2022.04.13"]
[WhiteClock "0:00:14"]
[BlackClock "0:00:19"]

1. c4 g6 2. g3 Bg7 3. Bg2 d6 4. Nc3 Nf6 5. d3 O-O 6. Bg5 Nc6 7. Qd2 e5 8. e4 Nd4 9. h3 c6 10. Nge2 Nxe2 11. Nxe2 Be6 12. Nc3 a6 13. O-O b5 14. cxb5 axb5 15. a3 Qb6 16. Be3 Qb7 17. d4 b4 18. axb4 Qxb4 19. dxe5 dxe5 20. Rfc1 Rxa1 21. Rxa1 Rb8 22. Ra6 Qxb2 23. Qxb2 Rxb2 24. Rxc6 Bf8 25. Nd5 Nd7 26. Rc7 Kg7 27. h4 h5 28. Bf3 Bd6 29. Ra7 Rb3 30. Nc7 Bxc7 31. Rxc7 Nf6 32. Kg2 Bg4 33. Rc4 Bxf3+ 34. Kxf3 Ng4 35. Rc5 Nxe3 36. fxe3 Kf6 37. Rc6+ Kg7 38. Rc5 Kf6 39. Rc6+ Kg7 40. Rc5 1/2-1/2


[Site "https://www.chess.com"]

[Event "Titled Tuesday Blitz April 12 Late 2022"]
[White "Prado, Alexandra"]
[Black "Rangel, Daniel"]
[WhiteFideId "3301346"]
[BlackFideId "2124475"]
[WhiteElo "1678"]
[BlackElo "2225"]
[Result "0-1"]
[Round "02"]
[TimeControl "180+1"]
[Date "2022.04.13"]
[WhiteClock "0:00:30"]
[BlackClock "0:01:54"]

1. e4 c6 2. d4 d5 3. exd5 cxd5 4. c4 Nf6 5. Nc3 e6 6. Bg5 Be7 7. c5 b6 8. b4 a5 9. a3 O-O 10. Nf3 Ne4 11. Bxe7 Qxe7 12. Qc2 axb4 13. Nxe4 dxe4 14. Qxe4 Rxa3 15. Rxa3 bxa3 16. Bd3 g6 17. cxb6 Bb7 18. Qe2 Bxf3 19. Qxf3 Qb4+ 20. Ke2 Qxb6 21. Rd1 a2 22. Bc4 a1=Q 0-1


[Site "https://www.chess.com"]

[Event "Titled Tuesday Blitz April 12 Late 2022"]
[White "Prohorov, Olexandr"]
[Black "Shimanov, Aleksandr"]
[WhiteFideId "14105578"]
[BlackFideId "4198603"]
[WhiteElo "2422"]
[BlackElo "2880"]
[Result "0-1"]
[Round "02"]
[TimeControl "180+1"]
[Date "2022.04.13"]
[WhiteClock "0:00:45"]
[BlackClock "0:01:18"]

1. Nf3 f5 2. d4 Nf6 3. Bf4 d6 4. e3 g6 5. Bc4 Bg7 6. h4 h6 7. c3 e6 8. Qb3 Qe7 9. Nbd2 Nc6 10. Qc2 e5 11. dxe5 dxe5 12. Bg3 Bd7 13. O-O-O O-O-O 14. b4 Nh5 15. Bh2 e4 16. Nd4 Ne5 17. Be2 Nf6 18. Nc4 Nxc4 19. Bxc4 Ng4 20. Bg3 Ne5 21. Be2 Rhf8 22. a3 Be8 23. c4 Bf7 24. h5 Nd3+ 25. Bxd3 exd3 26. Qa4 a6 27. hxg6 Bxc4 28. b5 Rxd4 29. exd4 axb5 30. Qa8+ Kd7 31. Qxb7 Qxa3+ 32. Kd2 Qb2+ 33. Ke3 f4+ 34. Bxf4 Qe2# 0-1


[Site "https://www.chess.com"]

[Event "Titled Tuesday Blitz April 12 Late 2022"]
[White "Putri, Regita Desyari"]
[Black "Lewicki, Miroslaw"]
[WhiteFideId "7109083"]
[BlackFideId "1113380"]
[WhiteElo "1930"]
[BlackElo "2283"]
[Result "0-1"]
[Round "02"]
[TimeControl "180+1"]
[Date "2022.04.13"]
[WhiteClock "0:00:04"]
[BlackClock "0:01:32"]

1. c4 c5 2. Nc3 d6 3. Nf3 Nf6 4. d4 cxd4 5. Nxd4 g6 6. e4 Bg7 7. Be2 O-O 8. O-O Nc6 9. Be3 Bd7 10. f3 Rc8 11. Rc1 Qa5 12. Qd2 Nxd4 13. Bxd4 Be6 14. b3 Nd7 15. Be3 a6 16. Rfd1 Qh5 17. Nd5 Bxd5 18. Qxd5 Qxd5 19. Rxd5 Rc6 20. Rcd1 Rfc8 21. f4 Nf6 22. R5d4 e5 23. Rxd6 Rxd6 24. Rxd6 Nxe4 25. Rd7 Nc3 26. Bf3 e4 27. Bd1 b5 28. c5 Nxa2 29. Bc2 f5 30. Kf2 Nb4 31. Bb1 Bf8 32. Ra7 Bxc5 33. Bxc5 Rxc5 34. Ke3 Rc1 35. Bxe4 Re1+ 36. Kd2 Rxe4 37. Kc3 Nd5+ 38. Kd3 Nxf4+ 0-1


[Site "https://www.chess.com"]

[Event "Titled Tuesday Blitz April 12 Late 2022"]
[White "Quesada Perez, Yuniesky"]
[Black "Kalavannan, Koby"]
[WhiteFideId "3504409"]
[BlackFideId "425753"]
[WhiteElo "2927"]
[BlackElo "2563"]
[Result "1-0"]
[Round "02"]
[TimeControl "180+1"]
[Date "2022.04.13"]
[WhiteClock "0:00:21"]
[BlackClock "0:00:07"]

1. e4 c5 2. Nf3 Nc6 3. Bb5 Nf6 4. e5 Nd5 5. Nc3 Nc7 6. Bxc6 dxc6 7. h3 g6 8. d3 Bg7 9. O-O O-O 10. Re1 Ne6 11. Ne4 b6 12. Bd2 Nd4 13. Ng3 Qd5 14. Nxd4 cxd4 15. Qe2 c5 16. f4 f5 17. exf6 exf6 18. Qe4 Bb7 19. Qxd5+ Bxd5 20. f5 Rfe8 21. b3 Kf7 22. Kf2 Bf8 23. Bf4 g5 24. Bd2 Bd6 25. Ne4 Bc7 26. Kf3 h5 27. g3 g4+ 28. hxg4 hxg4+ 29. Kg2 Rh8 30. Rh1 Rag8 31. Bf4 Bxf4 32. gxf4 Kg7 33. Kg3 Bxe4 34. dxe4 Re8 35. Rxh8 Rxh8 36. e5 Rh3+ 37. Kxg4 Re3 38. e6 Re2 39. Kf3 Rxc2 40. Re1 Kf8 41. Rh1 Rxa2 42. Rh8+ Ke7 43. Rh7+ Kd6 44. Rd7+ Kc6 45. Rd8 Ra1 46. e7 Re1 47. e8=Q+ Rxe8 48. Rxe8 Kb5 49. Re6 Kb4 50. Rxf6 Kxb3 51. Rd6 Kc2 52. f6 d3 53. f7 d2 54. f8=Q d1=Q+ 55. Rxd1 Kxd1 56. Qa8 c4 57. Qxa7 c3 58. Qxb6 c2 59. Qd4+ Kc1 60. Ke2 Kb1 61. Qb4+ Kc1 62. Kd3 Kd1 63. Qd2# 1-0


[Site "https://www.chess.com"]

[Event "Titled Tuesday Blitz April 12 Late 2022"]
[White "Renjith, Sravan"]
[Black "Ronka, Erik"]
[WhiteFideId "4306783"]
[BlackFideId "505080"]
[WhiteElo "1863"]
[BlackElo "2264"]
[Result "1-0"]
[Round "02"]
[TimeControl "180+1"]
[Date "2022.04.13"]
[WhiteClock "0:00:04"]
[BlackClock "0:00:01"]

1. d4 d5 2. c4 c6 3. cxd5 cxd5 4. Nc3 Nf6 5. Nf3 Nc6 6. Ne5 e6 7. g3 Nxe5 8. dxe5 Nd7 9. f4 Bc5 10. e4 Nb6 11. exd5 exd5 12. Bb5+ Bd7 13. Qg4 O-O 14. Bxd7 Nxd7 15. Nxd5 Nxe5 16. Qd1 Ng4 17. b4 Re8+ 18. Kf1 Bxb4 19. Kg2 Bc5 20. Qf3 Nf2 21. Rf1 Ne4 22. Rd1 Qa5 23. Bb2 Rad8 24. Qg4 f6 25. Nxf6+ Nxf6 26. Bxf6 Rd2+ 27. Kh3 Bf8 28. Be5 Rxd1 29. Rxd1 Qxa2 30. Rd7 g6 31. Rxb7 a5 32. Qf3 Qe6+ 33. g4 a4 34. Qc3 a3 35. Ra7 h5 36. Qf3 Bg7 37. Rxg7+ Kf8 38. Ra7 a2 39. Rxa2 Qxa2 40. gxh5 Qe6+ 41. Kg3 Qf5 42. hxg6 Qxg6+ 43. Qg4 Qxg4+ 44. Kxg4 Kf7 45. h4 Rg8+ 46. Kf5 Rc8 47. h5 Kg8 48. Kg6 Rc6+ 49. Bf6 Ra6 50. h6 Ra7 51. f5 Rh7 52. Be5 Re7 53. Bf6 Rf7 54. Bg5 Rh7 55. Bf4 Rb7 56. Be5 Rb6+ 57. Bf6 Rb7 58. Be5 Rf7 59. Kg5 Re7 60. Bg7 Rf7 61. f6 Rb7 62. Kf5 Rb5+ 63. Kg6 Rb7 64. h7# 1-0


[Site "https://www.chess.com"]

[Event "Titled Tuesday Blitz April 12 Late 2022"]
[White "Reprintsev, Alexander"]
[Black "Gatterer, Florian"]
[WhiteFideId "14100541"]
[BlackFideId "811688"]
[WhiteElo "2108"]
[BlackElo "2218"]
[Result "1-0"]
[Round "02"]
[TimeControl "180+1"]
[Date "2022.04.13"]
[WhiteClock "0:01:05"]
[BlackClock "0:00:20"]

1. e4 e5 2. f4 exf4 3. Bc4 d5 4. Bxd5 Nf6 5. Nc3 Nxd5 6. Nxd5 Bd6 7. d4 c6 8. Nxf4 O-O 9. e5 Bc7 10. Nf3 f6 11. O-O fxe5 12. Nxe5 Bf5 13. c3 Nd7 14. Nxd7 Qxd7 15. Bd2 Kh8 16. Qf3 Rae8 17. Rae1 Bxf4 18. Bxf4 Rxe1 19. Rxe1 Re8 20. Be5 Kg8 21. Rf1 Bg6 22. h3 h6 23. b3 Kh7 24. Kh2 Qd5 25. Qxd5 cxd5 26. Rf3 Kg8 27. Rg3 Kh7 28. Kg1 Rf8 29. h4 Rf7 30. c4 Be4 31. c5 h5 32. b4 a6 33. a4 g6 34. b5 Rf8 35. c6 bxc6 36. b6 Rf7 37. Bc7 1-0


[Site "https://www.chess.com"]

[Event "Titled Tuesday Blitz April 12 Late 2022"]
[White "Riehle, Marco"]
[Black "Romero Ruscalleda, Josep"]
[WhiteFideId "12904392"]
[BlackFideId "2231859"]
[WhiteElo "2462"]
[BlackElo "2291"]
[Result "0-1"]
[Round "02"]
[TimeControl "180+1"]
[Date "2022.04.13"]
[WhiteClock "0:01:10"]
[BlackClock "0:00:08"]

1. e4 g6 2. d4 Bg7 3. c4 d6 4. Nc3 e5 5. dxe5 dxe5 6. Qxd8+ Kxd8 7. Be3 Bh6 8. Kd2 Bxe3+ 9. Kxe3 f6 10. g3 c6 11. Rd1+ Kc7 12. f4 Be6 13. b3 Nd7 14. Bh3 Bxh3 15. Nxh3 Nh6 16. Rd2 Rad8 17. Rhd1 Nc5 18. Nf2 Nf7 19. Ng4 exf4+ 20. gxf4 Rxd2 21. Rxd2 Nd7 22. Ne2 h5 23. Nf2 Re8 24. Kf3 a5 25. Nd4 Nc5 26. f5 g5 27. h3 Ne5+ 28. Kg3 h4+ 29. Kg2 Rd8 30. Nf3 Nxf3 31. Rxd8 Ne1+ 32. Kf1 Kxd8 33. Kxe1 Kd7 34. Ke2 Kd6 35. Ke3 Nd7 36. Kd4 Ne5 37. c5+ Kd7 38. a3 Nf3+ 39. Ke3 Ne5 40. b4 axb4 41. axb4 Kc7 42. Kd4 b6 43. Ke3 bxc5 44. bxc5 Kb7 45. Kd4 Ka6 46. Nd1 Kb5 47. Ne3 Nf3+ 48. Kd3 Kxc5 49. Kc3 Ng1 50. Ng4 Nxh3 51. Nxf6 Nf4 52. Ng4 h3 53. e5 Kd5 54. f6 Ke6 55. Kd4 Ng6 56. Ke3 Nxe5 57. Nxe5 h2 58. f7 Ke7 59. Nxc6+ Kxf7 60. Nd4 h1=Q 61. Nc2 Qh3+ 62. Kd4 Qe6 63. Kc3 g4 64. Kb2 g3 65. Kb1 g2 66. Kb2 g1=Q 67. Kc3 Qf2 68. Kb2 Qc6 69. Ka1 Qa6+ 70. Kb2 Qb5+ 71. Ka3 Qa5+ 72. Kb2 Qfd2 73. Kb1 Qb5+ 74. Ka1 Qa4+ 75. Na3 Qxa3+ 0-1


[Site "https://www.chess.com"]

[Event "Titled Tuesday Blitz April 12 Late 2022"]
[White "Riff, Vincent"]
[Black "Svane, Rasmus"]
[WhiteFideId "617776"]
[BlackFideId "4657101"]
[WhiteElo "2377"]
[BlackElo "2645"]
[Result "1/2-1/2"]
[Round "02"]
[TimeControl "180+1"]
[Date "2022.04.12"]
[WhiteClock "0:01:50"]
[BlackClock "0:01:19"]

1. e4 c6 2. Nc3 d5 3. Nf3 dxe4 4. Nxe4 Nf6 5. Qe2 Nxe4 6. Qxe4 Qa5 7. Bc4 Bf5 8. Qe2 e6 9. Nd4 Be7 10. Nxf5 Qxf5 11. O-O Qxc2 12. Bd3 Qc5 13. b4 Qd4 14. Rb1 O-O 15. Bb2 Qh4 16. g3 Qh6 17. b5 Nd7 18. bxc6 bxc6 19. Be4 Rac8 20. Bd4 Bc5 21. Rb7 Bxd4 22. Rxd7 Bb6 23. Qf3 Rcd8 24. Bxc6 Rxd7 25. Bxd7 Rd8 26. Bc6 Qxd2 27. a4 g6 28. h4 Kg7 29. h5 Rd3 30. h6+ Kxh6 31. Qxf7 Rxg3+ 32. Kh2 1/2-1/2


[Site "https://www.chess.com"]